 Dungeon Crawl Stone Soup version 0.29-a0-322-g68df515428 (webtiles) character file.

Game seed: 14892366822972916835

105 kae the Gusty (level 4, -4/41 HPs)
             Began as an Ogre Air Elementalist on Apr 9, 2022.
             Engulfed by a steam dragon's steam (7 damage)
             ... on level 4 of the Dungeon.
             The game lasted 00:03:03 (3826 turns).

kae the Gusty (Ogre Air Elementalist)               Turns: 3826, Time: 00:03:03

Health: -4/41      AC:  3    Str: 12    XL:     4   Next: 81%
Magic:  5/8        EV: 10    Int: 18    God:
Gold:   143        SH:  0    Dex:  9    Spells: 3/9 levels left

rFire   . . .      SeeInvis .   c - +2 dagger (holy)
rCold   . . .      Faith    .   (no shield)
rNeg    . . .      Spirit   .   a - +0 robe
rPois   .          Reflect  .   (helmet restricted)
rElec   .          Harm     .   (no cloak)
rCorr   .          Rampage  .   (gloves unavailable)
Will    .....                   (boots unavailable)
Stlth   ++........              (no amulet)
HPRegen 0.13/turn               (no ring)
MPRegen 0.11/turn               (no ring)

@: swift, very quick
A: large, unfitting armour, tough skin 1
a: no special abilities


You were on level 4 of the Dungeon.
You visited 1 branch of the dungeon, and saw 4 of its levels.

You collected 143 gold pieces.

Inventory:

Hand Weapons
 c - a +2 dagger of holy wrath (weapon)
Armour
 a - a +0 robe (worn)
Jewellery
 l - an amulet of the acrobat
Scrolls
 e - a scroll of identify
 h - a scroll of teleportation
 j - a scroll of fear
Potions
 b - a potion of magic
 d - 4 potions of heal wounds
 f - 3 potions of degeneration
 g - a potion of haste
 i - a potion of flight
 n - a potion of ambrosia


   Skills:
 + Level 1.6 Fighting
 + Level 2.2 Dodging
 + Level 1.8 Stealth
 + Level 3.0 Spellcasting
 + Level 1.6 Conjurations
 * Level 3.6 Air Magic


You had 3 spell levels left.
You knew the following spells:

 Your Spells              Type           Power      Damage    Failure   Level
a - Shock                 Conj/Air       48%        1d6       5%          1
b - Static Discharge      Conj/Air       12%        N/A       9%          2
c - Swiftness             Air            15%        N/A       11%         3

Your spell library contained the following spells:

 Spells                   Type           Power      Damage    Failure   Level
 Airstrike                Air            7%         N/A       36%         4


Dungeon Overview and Level Annotations

Branches:
Dungeon (4/15)
 Temple: D:4-7

Altars:

Annotations:
D:3 2 runed translucent doors, wakim's ghost, weakling OpTm


Innate Abilities, Weirdness & Mutations

You are too large for most types of armour.
You have tough skin. (AC +1)


Message History

As you read the scroll labelled GODWUL ZONK, it crumbles to dust.
You hear a loud clanging noise!
It was a scroll of noise.
You climb upwards.
Level annotation: 2 runed translucent doors, wakim's ghost, weakling OpTm Your surroundings suddenly seem different.
As you read the scroll labelled NAIRHANALA, it crumbles to dust.
The air around you briefly surges with heat, but it dissipates.
It was a scroll of immolation.
Unknown command.
(D) Dungeon
Where to? (Enter - D:4, ? - help)
There is a stone staircase leading down here.
You climb downwards.
There is a stone staircase leading up here.
As you read the scroll of identify, it crumbles to dust.
g - a potion of haste
As you read the scroll of identify, it crumbles to dust.
i - a potion of flight
As you read the scroll of identify, it crumbles to dust.
n - a potion of ambrosia
e - a scroll of identify You now have 143 gold pieces (gained 5).
Found a stone staircase leading down.
A steam dragon comes into view.
The steam dragon hisses angrily.
The steam dragon breathes steam at you. The ball of steam hits you!
The steam dragon moves out of view.
You're standing in a cloud of steam!
Okay, then.
Okay, then.
Casting: Shock (safe; 5% risk of failure)
Confirm with . or Enter, or press ? or * to list all spells.
You feel quick. The steam dragon breathes steam at you.
The ball of steam hits you!!
Ouch! That really hurt!
* * * LOW HITPOINT WARNING * * *
You are engulfed in a cloud of scalding steam.
You die...

#.....# #.#.#.#
#D#.# #.#.#
#.#.# #§#.#
#§#.#
#§#.###########
#@#...)......<#
#§§........####
##########.#
#.# #.# #.# #.#
#.# #.#


There were no monsters in sight!

Vanquished Creatures
  Robin (D:3)
  2 adders
  5 orcs
  4 ball pythons
  3 bats
  4 endoplasms
  4 giant cockroaches
  13 goblins
  5 hobgoblins
  7 jackals
  A quokka (D:3)
  4 frilled lizards
  7 kobolds
  3 rats
63 creatures vanquished.

Vanquished Creatures (others)
  4 demonic plants (D:2)
  5 fungi (D:2)
  3 plants (D:2)
12 creatures vanquished.

Grand Total: 75 creatures vanquished

Notes
Turn   | Place    | Note
-------+----------+-------------------------------------------
     0 | D:1      | kae the Ogre Air Elementalist began the quest for the Orb.
     0 | D:1      | Reached XP level 1. HP: 16/16 MP: 3/3
   226 | D:1      | Reached skill level 1 in Conjurations
   403 | D:1      | Reached XP level 2. HP: 26/26 MP: 0/5
   590 | D:1      | Learned a level 2 spell: Static Discharge
   831 | D:1      | Reached skill level 1 in Fighting
  1250 | D:2      | Reached XP level 3. HP: 11/33 MP: 0/7
  1254 | D:2      | Learned a level 3 spell: Swiftness
  1893 | D:2      | Found a faded altar of an unknown god.
  2335 | D:2      | Reached XP level 4. HP: 41/41 MP: 6/8
  3055 | D:3      | Noticed Robin
  3159 | D:3      | Killed Robin
  3547 | D:3      | Found a large runed translucent door.
  3547 | D:3      | Found a large runed translucent door.
  3549 | D:3      | Noticed wakim's ghost (weakling OpTm)
  3817 | D:4      | Noticed a steam dragon
  3826 | D:4      | Engulfed by a steam dragon's steam

Illustrated notes

Levels and vault maps discovered:
D:1:      zelgadis_glass_arrival_small, layout_loops_ring
D:2:      layout_basic, shapermc_ecumenical_altar_gd
D:3:      layout_basic, ebering_ghost_disaster_area, uniq_robin
D:4:      layout_basic, mainiacjoe_overflow_surrounded_room,
          mainiacjoe_overflow_brackets

Skill      XL: |  1  2  3  4 |
---------------+-------------+-----
Conjurations   | 1 |  1.6
Dodging        | 2 |  2.2
Air Magic      | 3 |  3.6
Fighting       | 1 |  1.6
Spellcasting   | 3 |  3.0
Stealth        | |  1.8

Action                   |  1- 3 |  4- 6 || total
-------------------------+-------+-------++-------
Melee: Unarmed           |     4 |       ||     4
       Dagger            |    56 |    30 ||    86
 Cast: Shock             |    71 |    49 ||   120
       Static Discharge  |     3 |       ||     3
       Swiftness         |       |     1 ||     1
  Use: Potion            |     1 |       ||     1
       Scroll            |       |    10 ||    10
Armor: Robe              |    27 |     5 ||    32
Dodge: Dodged            |    42 |    19 ||    61

Table legend: (Time is in decaauts)
 A = Elapsed time spent in this place.
 B = Non-inter-level travel time spent in this place.
 C = Inter-level travel time spent in this place.
 D = Time resting spent in this place.
 E = Time spent auto-exploring this place.
 F = Levels seen in this place.
 G = Mean time per level.
                   A        B        C        D        E       F      G
               +--------+--------+--------+--------+--------+-----+--------+
         Total |   3826 |   3707 |    119 |    516 |   2762 |   4 |  956.5 |
       Dungeon |   3826 |   3707 |    119 |    516 |   2762 |   4 |  956.5 |
               +--------+--------+--------+--------+--------+-----+--------+

Top non-repeatable levels by time:
     D:1: 1456 daAuts
     D:3: 1352 daAuts
     D:2: 971 daAuts
     D:4: 45 daAuts
